 Dungeon Crawl Stone Soup version 0.23.2 (webtiles) character file.

Game seed: 13631150210587114359

90 Artagas the Chopper (level 4, -4/39 HPs)
             Began as a Minotaur Warper on Apr 4, 2019.
             Killed from afar by Ijyb (16 damage)
             ... with a wand of acid (4)
             ... on level 3 of the Dungeon.
             The game lasted 00:02:44 (1495 turns).

Artagas the Chopper (Minotaur Warper)               Turns: 1495, Time: 00:02:44

Health: -4/39      AC:  4    Str: 16    XL:     4   Next: 32%
Magic:  4/5        EV: 11    Int: 10    God:
Gold:   69         SH:  3    Dex: 10    Spells: 3/5 levels left

rFire    . . .     SeeInvis .   a - +0 hand axe
rCold    . . .     Gourm    .   n - +0 buckler
rNeg     . . .     Faith    .   b - +0 leather armour
rPois    .         Spirit   .   (helmet restricted)
rElec    .         Reflect  .   (no cloak)
rCorr    .         Harm     .   m - +0 pair of gloves
MR       .....                  (no boots)
Stlth    +.........             k - amulet of rage
HPRegen  0.13/turn              (no ring)
MPRegen  0.09/turn              (no ring)

@: very slightly contaminated
A: retaliatory headbutt, horns 2
a: Evoke Berserk Rage


You were on level 3 of the Dungeon.
You were not hungry.

You visited 1 branch of the dungeon, and saw 3 of its levels.

You collected 69 gold pieces.

Inventory:

Hand Weapons
 a - a +0 hand axe (weapon)
Missiles
 f - 5 tomahawks of dispersal (quivered)
 i - 3 tomahawks
Armour
 b - a +0 leather armour (worn)
 m - a +0 pair of gloves (worn)
   (You found it on level 2 of the Dungeon)
 n - a +0 buckler (worn)
   (You found it on level 2 of the Dungeon)
Jewellery
 k - an amulet of rage (around neck)
   (You found it on level 2 of the Dungeon)
Scrolls
 d - a scroll of remove curse {unknown}
 j - a scroll of magic mapping {unknown}
 l - a scroll of enchant weapon {unknown}
 o - a scroll of random uselessness {unknown}
 p - a scroll of enchant armour {unknown}
 r - a scroll of identify
 t - a scroll of teleportation
 z - 2 scrolls of blinking
Potions
 h - a potion of agility {unknown}
 q - 2 potions of curing
Comestibles
 c - 12 chunks of flesh
 e - 5 rations


   Skills:
 + Level 3.6 Fighting
 * Level 4.6 Axes
 - Level 1.0 Throwing
 - Level 2.0 Armour
 - Level 2.1 Dodging
 + Level 0.0 Shields
 - Level 1.3 Spellcasting
 - Level 2.1 Translocations


You had 3 spell levels left.
You knew the following spells:

 Your Spells              Type           Power        Failure   Level  Hunger
a - Shroud of Golubria    Chrm/Tloc      #.........   54%         2    ###....

Your spell library contained the following spells:

 Spells                   Type           Power        Failure   Level  Hunger
 Blink                    Tloc           N/A          38%         2    ###....
 Gell's Gravitas          Tloc           #.........   63%         3    ####...
 Lesser Beckoning         Tloc           #.........   63%         3    ####...
 Teleport Other           Tloc           #.......     63%         3    ####...
 Passage of Golubria      Tloc           N/A          95%         4    #####..


Dungeon Overview and Level Annotations

Branches:
Dungeon (3/15)

Altars:
Okawaru
Yredelemnul

Annotations:
D:3 Ijyb


Innate Abilities, Weirdness & Mutations

You reflexively headbutt those who attack you in melee.
You have a pair of horns on your head.


Message History

You hit the rat.
You kill the rat!
No target in view!
No target in view!
No target in view!
You open the large door.
Found an iron altar of Okawaru and a basalt altar of Yredelemnul.
Casting: Shroud of Golubria (safe; 54% risk of failure)
Confirm with . or Enter, or press ? or * to list all spells.
Okay, then.
There is a large open door here.
A kobold comes into view. It is wielding a +0 dagger.
The kobold shouts!
You hear a shout!
The kobold throws a stone.
The stone hits you but does no damage.
You see here a stone.
Casting: Shroud of Golubria (safe; 54% risk of failure)
Confirm with . or Enter, or press ? or * to list all spells.
Space distorts slightly along a thin shroud covering your body.
The kobold throws a stone.
The stone hits you but does no damage.
You see here a stone.
The kobold throws a stone.
The stone hits you but does no damage.
Your shroud begins to fray at the edges.
A goblin comes into view. It is wielding a +0 dagger.
The kobold closely misses you. You furiously retaliate!
You headbutt the kobold!
You kill the kobold!
You see here a +0 dagger.
You hit the goblin.
You kill the goblin!
No target in view!
Setting a skill training target for Shields at 4.0.
Your shroud unravels.
Things that are here:
a +0 dagger; a goblin corpse You butcher the goblin corpse.
c - 12 chunks of flesh (gained 2)
Things that are here:
a +0 dagger; a goblin skeleton
Things that are here:
a +0 dagger; a goblin skeleton You see here a +0 dagger.
r - a scroll of identify Ijyb the Twisted Goblin comes into view.
She is wielding a +0 dagger and carrying a wand of acid (5).
Ijyb is nearby!
Ijyb is nearby!
Ijyb barely misses you.
Casting: Shroud of Golubria (safe; 54% risk of failure)
Confirm with . or Enter, or press ? or * to list all spells.
You miscast Shroud of Golubria.
You are very lightly contaminated with residual magic.
Nothing appears to happen.
Ijyb closely misses you.
You hit Ijyb.
Ijyb is lightly wounded.
Ijyb hits you but does no damage.
You closely miss Ijyb.
Ijyb is lightly wounded.
Ijyb hits you but does no damage.
You hit Ijyb but do no damage.
Ijyb is lightly wounded.
Ijyb completely misses you.
You hit Ijyb.
Ijyb is lightly wounded.
Ijyb closely misses you.
You hit Ijyb but do no damage. You headbutt Ijyb.
Ijyb is moderately wounded.
Ijyb hits you with a +0 dagger.
You hit Ijyb but do no damage. You headbutt Ijyb.
Ijyb is heavily wounded.
You block Ijyb's attack. Ijyb screams, "Me stronger than you!"
Ijyb closely misses you.
You hit Ijyb but do no damage.
Ijyb is heavily wounded.
Ijyb closely misses you.
You hit Ijyb. You headbutt Ijyb.
Ijyb is severely wounded.
Ijyb hits you with a +0 dagger.
You barely miss Ijyb.
Ijyb is severely wounded.
Ijyb hits you but does no damage.
You barely miss Ijyb.
Ijyb is severely wounded.
Ijyb closely misses you.
You hit Ijyb.
Ijyb is severely wounded.
Ijyb closely misses you.
You hit Ijyb but do no damage. You headbutt Ijyb.
Ijyb is almost dead.
Ijyb hits you with a +0 dagger.
You hit Ijyb but do no damage. You headbutt Ijyb, but do no damage.
Ijyb is almost dead.
Ijyb closely misses you.
You barely miss Ijyb.
Ijyb is almost dead.
Ijyb zaps a wand.
The bolt of acid hits you!
You are splashed with acid!
You are too injured to fight recklessly!
You completely miss Ijyb.
Ijyb is almost dead.
Ijyb zaps a wand.
The bolt of acid hits you!
You die...

#. #. #.# #.## #.#
#... ...
#..#####.##
#.........# #)#
#..# #.#####..#
#)#....@.# ####
#.#.####g# #⌠⌠#
#....##.#.##__##
##......# ##8..≈#
#..(....# #''#
#...(...# ##..#
#.......# ##...#
##......###.#.####
##...##.#.##....#


You could see Ijyb.

Vanquished Creatures
  2 adders (D:2)
  An adder zombie (D:2)
  2 dart slugs
  A worm (D:2)
  10 goblins
  5 hobgoblins
  12 jackals
  9 bats
  3 frilled lizards
  5 kobolds
  7 rats
57 creatures vanquished.

Notes
Turn   | Place    | Note
-------+----------+-------------------------------------------
     0 | D:1      | Artagas the Minotaur Warper began the quest for the Orb.
     0 | D:1      | Reached XP level 1. HP: 18/18 MP: 1/1
   130 | D:1      | Reached XP level 2. HP: 23/25 MP: 3/3
   131 | D:1      | Reached skill level 3 in Axes
   135 | D:1      | Learned a level 2 spell: Shroud of Golubria
   205 | D:1      | Reached skill level 2 in Armour
   212 | D:1      | Reached skill level 3 in Fighting
   328 | D:1      | Reached XP level 3. HP: 31/31 MP: 4/4
   822 | D:2      | Reached skill level 4 in Axes
   944 | D:2      | Reached XP level 4. HP: 35/38 MP: 0/5
  1420 | D:3      | Found an iron altar of Okawaru.
  1420 | D:3      | Found a basalt altar of Yredelemnul.
  1478 | D:3      | Noticed Ijyb
  1495 | D:3      | Killed from afar by Ijyb

Skill      XL: |  1  2  3 |
---------------+----------+-----
Axes           | 3 4 |  4.6
Armour         | 2 |  2.0
Fighting       | 3 |  3.6
Throwing       | |  1.0
Dodging        | |  2.1
Spellcasting   | |  1.3
Translocations | |  2.1

Action                   |  1- 3 |  4- 6 || total
-------------------------+-------+-------++-------
Melee: Hand axe          |   101 |    37 ||   138
       Headbutt          |     9 |     7 ||    16
 Cast: Shroud of Golubri |     5 |     2 ||     7
  Use: Scroll            |     1 |     1 ||     2
  Eat: Chunk             |     1 |     2 ||     3
Armor: Leather armour    |    33 |    11 ||    44
Dodge: Dodged            |    94 |    25 ||   119
Block: Buckler           |     1 |     3 ||     4

Levels and vault maps discovered:
D:1:      eino_arrival_tree_alley, layout_rooms
D:2:      layout_rooms, chequers_serial_rivers_micro_a
D:3:      layout_loops_ring, gammafunk_temple_overflow_wave, grunt_decor_cap,
          uniq_ijyb

Table legend:
 A = Turns spent in this place as a percentage of turns spent in the entire game.
 B = Non-inter-level travel turns spent in this place as a percentage of non-inter-level travel turns spent in the entire game.
 C = Inter-level travel turns spent in this place as a percentage of turns spent in this place.
 D = Turns resting spent in this place as a percentage of non-inter-level travel turns spent in this place.
 E = Turns spent auto-exploring this place as a percentage of non-inter-level travel turns spent in this place.
 F = Non-inter-level travel turns spent in this place divided by the number of levels of this place that you've seen.
                   A       B       C       D       E      F
               +-------+-------+-------+-------+-------+----------------------
         Total | 100.0 | 100.0 |   4.7 |   7.7 |  69.7 | 474.7
       Dungeon | 100.0 | 100.0 |   4.7 |   7.7 |  69.7 | 474.7
               +-------+-------+-------+-------+-------+----------------------

Table legend:
 A = Kills in this place as a percentage of kills in entire the game.
 B = Kills by you in this place as a percentage of kills by you in the entire game.
 C = Kills by friends in this place as a percentage of kills by friends in the entire game.
 D = Other kills in this place as a percentage of other kills in the entire game.
 E = Experience gained in this place as a percentage of experience gained in the entire game.
 F = Experience gained in this place divided by the number of levels of this place that you have seen.
                   A       B       C       D       E      F
               +-------+-------+-------+-------+-------+----------------------
         Total | 100.0 | 100.0 |   N/A |   N/A | 100.0 |  43.0
       Dungeon | 100.0 | 100.0 |   N/A |   N/A | 100.0 |  43.0
               +-------+-------+-------+-------+-------+----------------------
